 Dungeon Crawl Stone Soup version 0.30-a0-476-g330ca2eb8e (webtiles) character file.

Game seed: 15305833499837074829

5333 IdlyInterested the Carver (level 10, -4/74 HPs)
             Began as a Demonspawn Fighter on Dec 21, 2022.
             Slain by a titanic slime creature (75 damage)
             ... on level 9 of the Dungeon.
             The game lasted 00:33:04 (9867 turns).

IdlyInterested the Carver (Demonspawn Fighter)      Turns: 9867, Time: 00:33:04

Health: -4/74      AC: 16    Str: 18    XL:     10   Next: 38%
Magic:  0/10       EV:  8    Int:  9    God:
Gold:   550        SH:  0    Dex: 16    Spells: 9/9 levels left

rFire   . . .      SeeInvis .    U - +0 scimitar
rCold   + . .      Faith    .    (no shield)
rNeg    + . .      Spirit   +    N - +2 chain mail {rPois}
rPois   +          Reflect  .    (no helmet)
rElec   .          Harm     .    q - +2 cloak {Stlth+}
rCorr   .          Rampage  .    (no gloves)
Will    .....                    (no boots)
Stlth   ..........               H - amulet of the acrobat
HPRegen 0.32/turn                L - ring of positive energy
MPRegen 0.24/turn                r - ring of protection from cold

@: mighty, hasted, very quick
A: slimy green scales 1, demonic guardian 2, magic shield, magic regeneration,
demonic touch 2
a: no special abilities


You were on level 9 of the Dungeon.
You visited 2 branches of the dungeon, and saw 10 of its levels.

You collected 550 gold pieces.

Inventory:

Hand Weapons
 a - a +0 long sword
 c - a +1 rapier of venom
 g - a +2 dagger of draining
 n - a +0 long sword
 B - a +1 dagger of freezing
 I - a +0 long sword
 P - a +0 long sword
 U - a +0 scimitar (weapon)
Missiles
 e - 9 atropa-tipped darts
 f - 10 poisoned darts
 h - a boomerang
 m - 40 stones (quivered)
 t - 6 curare-tipped darts
 w - 4 silver javelins
 J - 2 throwing nets
 K - 3 javelins
Armour
 q - a +2 cloak of stealth (worn)
 E - a +0 plate armour
 F - a +2 robe of the Archmagi
 N - a +2 chain mail of poison resistance (worn)
 R - +0 steam dragon scales
Jewellery
 p - a ring of resist corrosion
 r - a ring of protection from cold (right hand)
 H - an amulet of the acrobat (around neck)
 L - a ring of positive energy (left hand)
Wands
 u - a wand of iceblast (1)
 v - a wand of charming (8)
 Q - a wand of polymorph (8)
Scrolls
 b - a scroll of butterflies
 o - 5 scrolls of fear
 x - 2 scrolls of poison
 y - a scroll of enchant armour
 C - a scroll of torment
 D - 5 scrolls of teleportation
 M - 2 scrolls of blinking
 O - a scroll of immolation
Potions
 i - a potion of lignification
 l - a potion of ambrosia
 s - a potion of attraction
 z - a potion of magic
 A - a potion of brilliance
 G - 3 potions of flight
 S - a potion of invisibility {unknown}


   Skills:
 * Level 5.5 Fighting
 + Level 12.6 Long Blades
 - Level 1.0 Throwing
 - Level 3.0 Armour
 - Level 3.0 Dodging
 - Level 2.0 Stealth
 - Level 2.6 Shields
 - Level 2.0 Unarmed Combat
 - Level 1.0 Evocations


You had 9 spell levels left.
You didn't know any spells.
Your spell library contained the following spells:

 Spells                   Type           Power      Damage    Failure   Level
 Magic Dart               Conj           0%         1d3       99%         1
 Sting                    Tmut/Pois      0%         1d3       99%         1
 Blink                    Tloc           0%         N/A       100%        2
 Momentum Strike          Conj/Tloc      0%         3d8       100%        2
 Poisonous Vapours        Pois/Air       0%         N/A       100%        2
 Searing Ray              Conj           0%         2d4       100%        2
 Sublimation of Blood     Necr           0%         N/A       100%        2
 Inner Flame              Hex/Fire       0%         N/A       100%        3
 Lesser Beckoning         Tloc           0%         N/A       100%        3
 Cause Fear               Hex            0%         N/A       100%        4
 Fulminant Prism          Conj/Hex       0%         3d5       100%        4
 Olgreb's Toxic Radiance  Pois           0%         N/A       100%        4
 Petrify                  Tmut/Erth      0%         N/A       100%        4
 Irradiate                Conj/Tmut      0%         3d11      100%        5
 Malign Gateway           Summ/Tloc      0%         N/A       100%        7
 Ozocubu's Refrigeration  Ice            0%         4d7       100%        7
 Discord                  Hex            0%         N/A       100%        8
 Ignition                 Fire           0%         3d3       100%        8
 Summon Horrible Things   Summ           0%         N/A       100%        8


Dungeon Overview and Level Annotations

Branches:
Dungeon (9/15)             Temple (1/1) D:7
   Lair: D:8-11         Orc: D:9-12

Altars:
Ashenzari
Cheibriados
Dithmenos
Gozag
Hepliaklqana
Kikubaaqudgha
Makhleb
Nemelex Xobeh
Okawaru
Qazlal
Ru
Sif Muna
Trog
Uskayaw
Vehumet
Wu Jian
Xom
Yredelemnul


Innate Abilities, Weirdness & Mutations

You are partially covered in slimy green scales. (AC +2)
A demonic guardian rushes to your aid.
When hurt, damage is shared between your health and your magic reserves.
You regenerate magic rapidly.
Your touch may inflict irresistible damage on your foes.


Message History

Press: ? - help, Shift-Dir - straight line, f - large slime creature, p - slime creature
Aim: a large slime creature (moderately wounded)
The mass of ice explodes!
The iceblast engulfs the large slime creature!
The large slime creature is heavily wounded.
The iceblast engulfs the slime creature!
The slime creature is moderately wounded.
The iceblast engulfs the slime creature.
The slime creature is moderately wounded.
You hear a bellow!
The slime creature jiggles.
Two slime creatures merge to form a very large slime creature.
The slime creature barely misses you.
Aiming: Iceblast
Press: ? - help, Shift-Dir - straight line, p - very large slime creature The mass of ice explodes!
The iceblast engulfs the very large slime creature!
The very large slime creature is heavily wounded.
The iceblast engulfs the slime creature.
The slime creature is heavily wounded.
The slime creature barely misses you.
That's the wrong kind of item! (Use * to select it.) Evoke which item? (* to show all) (? for menu, Esc to quit)
Aiming: Polymorph
Press: ? - help, Shift-Dir - straight line, f - slime creature
Aim: a slime creature (heavily wounded, will become a swamp dragon, an anaconda, or an eye of devastation, chance to affect: 33%)
Okay, then.
The slime creature attacks as you move away!
The slime creature hits you!
Two slime creatures merge to form an enormous slime creature.
You feel very mighty all of a sudden.
Two slime creatures merge to form a titanic slime creature.
You feel yourself speed up.
You slash the titanic slime creature!
You touch the titanic slime creature!
The titanic slime creature is heavily wounded.
You slice the titanic slime creature!!
The titanic slime creature is heavily wounded.
The titanic slime creature hits you!!!!
Ouch! That really hurt!
You die...

............ ...........
.........Y# # .........Y#
..........# ..........#
..........# .
....).....######....
...........J@.......
.........#######........#
.........# #........# ..
.........# #........#####
.. .........#
#............. ..
........# #.............
## ....... #.............
#.............
###.............


You could see a titanic slime creature.

Vanquished Creatures
  Pikel (D:4)
  An ugly thing (D:9)
  A wyvern (D:9)
  A wraith (D:9)
  Duvessa (D:5)
  3 orc warriors
  2 ice beasts
  2 black bears
  2 ogres
  2 centaurs
  A phantom (D:5)
  2 kobold brigands
  3 bullfrogs
  A gnoll sergeant (D:9)
  A necrophage (D:7)
  5 scorpions
  5 wights
  Dowan (D:5)
  6 killer bees
  3 howler monkeys
  2 jellies
  Crazy Yiuf (D:3)
  An orc priest (D:5)
  3 hounds
  Ijyb (D:3)
  Jessica (D:3)
  3 iguanas
  5 orc wizards
  4 gnolls (D:9)
  3 adders
  A shadow imp (D:6)
  A white imp (D:6)
  3 worms
  2 dart slugs
  22 orcs
  5 ball pythons
  9 bats
  2 endoplasms (D:3)
  5 giant cockroaches
  8 hobgoblins
  7 jackals
  14 kobolds
  3 quokkas
  6 frilled lizards
  6 goblins
  4 rats
166 creatures vanquished.

Vanquished Creatures (collateral kills)
  A hornet (D:8)
  A steam dragon (D:8)
  A centaur (D:8)
  A bullfrog (D:8)
  A gnoll sergeant (D:8)
  Blork the orc (D:4)
  2 wights (D:7)
  2 howler monkeys
  A hound (D:5)
  2 jellies
  2 orc priests
  An orc wizard (D:5)
  A gnoll (D:8)
  A shadow imp (D:8)
  An orc (D:9)
  A giant cockroach (D:3)
  A goblin (D:3)
  2 hobgoblins (D:3)
  4 kobolds
  A ball python (D:3)
28 creatures vanquished.

Vanquished Creatures (others)
  A human (D:7)
1 creature vanquished.

Grand Total: 195 creatures vanquished

Notes
Turn   | Place    | Note
-------+----------+-------------------------------------------
     0 | D:1      | IdlyInterested the Demonspawn Fighter began the quest for
                  | the Orb.
     0 | D:1      | Reached XP level 1. HP: 18/18 MP: 1/1
    88 | D:1      | Reached skill level 2 in Long Blades
    89 | D:1      | Gained mutation: A weak demonic guardian rushes to your
                  | aid. [demonic ancestry]
    89 | D:1      | Reached XP level 2. HP: 24/24 MP: 2/2
   388 | D:1      | Reached skill level 1 in Dodging
   625 | D:1      | Found a shimmering altar of Xom.
   755 | D:2      | Reached XP level 3. HP: 29/29 MP: 3/3
   930 | D:2      | Reached skill level 3 in Long Blades
  1426 | D:3      | Noticed Ijyb
  1436 | D:3      | Killed Ijyb
  1437 | D:3      | Gained mutation: A demonic guardian rushes to your aid.
                  | [demonic ancestry]
  1437 | D:3      | Reached XP level 4. HP: 5/35 MP: 4/4
  1608 | D:3      | Found a stormy altar of Qazlal.
  1700 | D:3      | Reached skill level 1 in Stealth
  1944 | D:3      | Found an ornate altar of the Wu Jian Council.
  2063 | D:3      | Noticed Jessica
  2065 | D:3      | Killed Jessica
  2066 | D:3      | Reached skill level 4 in Long Blades
  2080 | D:3      | Found a faded altar of an unknown god.
  2095 | D:3      | Found a faded altar of an unknown god.
  2146 | D:3      | Reached XP level 5. HP: 41/41 MP: 5/5
  2248 | D:3      | Found a radiant altar of Vehumet.
  2611 | D:3      | Found a runed translucent door.
  2612 | D:3      | Noticed Crazy Yiuf
  2770 | D:3      | Killed Crazy Yiuf
  3102 | D:4      | Reached skill level 5 in Long Blades
  3112 | D:4      | Gained mutation: You regenerate magic rapidly. [demonic
                  | ancestry]
  3112 | D:4      | Reached XP level 6. HP: 28/47 MP: 6/6
  3590 | D:4      | Noticed Blork the orc
  3608 | D:4      | Killed Blork the orc
  3609 | D:4      | Reached skill level 6 in Long Blades
  3609 | D:4      | Reached skill level 1 in Evocations
  3868 | D:4      | Noticed Pikel
  3898 | D:4      | Killed Pikel
  3899 | D:4      | Reached skill level 7 in Long Blades
  3899 | D:4      | Reached skill level 1 in Throwing
  3899 | D:4      | Gained mutation: When hurt, damage is shared between your
                  | health and your magic reserves. [demonic ancestry]
  3899 | D:4      | Reached XP level 7. HP: 23/52 MP: 7/7
  4188 | D:4      | Found a hazy altar of Hepliaklqana.
  4200 | D:4      | Found an opulent altar of Gozag.
  4381 | D:5      | Entered Level 5 of the Dungeon
  4490 | D:5      | Reached skill level 8 in Long Blades
  4490 | D:5      | Gained mutation: Your touch may inflict minor irresistible
                  | damage on your foes. [demonic ancestry]
  4490 | D:5      | Reached XP level 8. HP: 55/58 MP: 6/8
  4501 | D:5      | Noticed Duvessa
  4505 | D:5      | Noticed Dowan
  4506 | D:5      | Killed Duvessa
  4524 | D:5      | Killed Dowan
  4525 | D:5      | Reached skill level 1 in Unarmed Combat
  4724 | D:5      | Reached skill level 9 in Long Blades
  5555 | D:6      | Reached skill level 10 in Long Blades
  5639 | D:6      | Gained mutation: Your touch may inflict irresistible damage
                  | on your foes. [demonic ancestry]
  5639 | D:6      | Reached XP level 9. HP: 51/62 MP: 6/9
  6397 | D:7      | Found a burning altar of Makhleb.
  6626 | D:7      | Reached skill level 11 in Long Blades
  6971 | D:7      | Found a shimmering blue altar of Sif Muna.
  7189 | D:7      | Found an ancient bone altar of Kikubaaqudgha.
  7506 | D:7      | Found a staircase to the Ecumenical Temple.
  7512 | Temple   | Entered the Ecumenical Temple
  8822 | D:8      | Reached skill level 12 in Long Blades
  8822 | D:8      | Gained mutation: You are partially covered in slimy green
                  | scales. (AC +2) [demonic ancestry]
  8822 | D:8      | Reached XP level 10. HP: 15/73 MP: 1/10
  9508 | D:9      | Reached skill level 5 in Fighting
  9746 | D:9      | Noticed a green ugly thing
  9754 | D:9      | Killed a green ugly thing
  9867 | D:9      | Slain by a titanic slime creature

Illustrated notes

Levels and vault maps discovered:
D:1:      dpeg_arrival_lava_altar, layout_rooms, chequers_serial_rivers_small_3,
          st_stairs_6
D:2:      layout_loops_ring, basic_altar, kennysheep_generic_room_14
D:3:      minmay_razor_zed, layout_basic, mainiacjoe_overflow_brackets,
          lemuel_round_altar, mainiacjoe_overflow_catwalk_spiral,
          hellmonk_ecumenical_altar_the_god_not_taken, uniq_jessica, uniq_ijyb,
          uniq_crazy_yiuf_cottage
D:4:      nicolae_cairo_tiling_very_big, layout_basic,
          mainiacjoe_overflow_small_starburst, kennysheep_mini, uniq_pikel,
          uniq_blork_the_orc
D:5:      layout_basic, uniq_duvessa
D:6:      layout_rooms
D:7:      layout_basic, mainiacjoe_overflow_alcove_1, tgw_kikubaaqudgha,
          mainiacjoe_overflow_chevrons, minmay_temple_entry_fiery
D:8:      minmay_octagon_keep, layout_basic, st_stairs_11
D:9:      layout_small_grid, uniq_psyche
Temple:   nicolae_temple_godzebo

Skill      XL: |  1  2  3  4  5  6  7  8  9 10 |
---------------+-------------------------------+-----
Armour         | 3 |  3.0
Long Blades    | 2 3 4 5 7 8 10 12 | 12.6
Dodging        | 1 3 |  3.0
Stealth        | 1 2 |  2.0
Evocations     | 1 |  1.0
Throwing       | 1 |  1.0
Unarmed Combat | 2 |  2.0
Fighting       | 4 5 |  5.5
Shields        | |  2.6

Action                   |  1- 3 |  4- 6 |  7- 9 | 10-12 || total
-------------------------+-------+-------+-------+-------++-------
Melee: Long sword        |   122 |   209 |    82 |       ||   413
       Touch             |       |       |    40 |    15 ||    55
       Falchion          |       |       |   155 |    64 ||   219
       Punch             |       |       |     5 |       ||     5
       Scimitar          |       |       |       |     9 ||     9
Throw: Dart              |       |     1 |       |       ||     1
       Throwing net      |       |     1 |       |       ||     1
       Stone             |       |       |    17 |     6 ||    23
       Javelin           |       |       |     3 |       ||     3
Evoke: Wand              |       |       |     1 |     4 ||     5
  Use: Scroll            |     5 |     5 |     7 |     1 ||    18
       Potion            |     2 |     4 |     8 |     3 ||    17
Armor: Scale mail        |    46 |    36 |    50 |       ||   132
       Chain mail        |       |   114 |   103 |    31 ||   248
       Plate armour      |       |       |     5 |       ||     5
Dodge: Dodged            |    53 |    60 |   106 |    28 ||   247
Block: Buckler           |    21 |    44 |       |       ||    65

Table legend: (Time is in decaauts)
 A = Elapsed time spent in this place.
 B = Non-inter-level travel time spent in this place.
 C = Inter-level travel time spent in this place.
 D = Time resting spent in this place.
 E = Time spent auto-exploring this place.
 F = Levels seen in this place.
 G = Mean time per level.
                   A        B        C        D        E       F      G
               +--------+--------+--------+--------+--------+-----+--------+
         Total |   9898 |   9090 |    808 |   1835 |   4981 |  10 |  989.8 |
       Dungeon |   9800 |   8992 |    808 |   1835 |   4893 |   9 | 1088.9 |
        Temple |     98 |     98 |      0 |      0 |     88 |   1 |   98.0 |
               +--------+--------+--------+--------+--------+-----+--------+

Top non-repeatable levels by time:
     D:3: 1647 daAuts
     D:8: 1581 daAuts
     D:4: 1448 daAuts
     D:7: 1324 daAuts
     D:5: 1195 daAuts
     D:6: 768 daAuts
     D:1: 722 daAuts
     D:2: 700 daAuts
     D:9: 410 daAuts
  Temple: 98 daAuts
